 Dungeon Sprint DCSS version 0.28-a0-429-g1448048969 (webtiles) character file.

Game seed: 1307674894545518983

473 dolemite99 the Impaler (level 7, -7/60 HPs)
             Began as a Merfolk Fighter on Sept 11, 2021.
             Succumbed to Sonja's poison
             ... in the Dungeon (Sprint I: "Red Sonja").
             The game lasted 00:02:16 (1051 turns).

dolemite99 the Impaler (Merfolk Fighter)            Turns: 1051, Time: 00:02:16

Health: -7/60      AC:  6    Str: 18    XL:     7   Next: 10%
Magic:  7/7        EV: 12    Int:  7    God:
Gold:   162        SH:  0    Dex: 14    Spells: 6/6 levels left

rFire   . . .      SeeInvis .   a - +0 trident
rCold   . . .      Faith    .   c - +0 buckler
rNeg    . . .      Spirit   .   b - +0 scale mail
rPois   .          Reflect  .   (no helmet)
rElec   .          Harm     .   (no cloak)
rCorr   .          Rampage  .   (no gloves)
Will    .....      NoTele   +   (no boots)
Stlth   ..........              (no amulet)
HPRegen 0.20/turn               (no ring)
MPRegen 0.10/turn               (no ring)

@: confused, lethally poisoned (-7 -> -49), hasted and slowed
A: (nimble swimmer 2), mertail
a: no special abilities


You were in the Dungeon.
You visited 1 branch You collected 162 gold pieces.

Inventory:

Hand Weapons
 a - a +0 trident (weapon)
Missiles
 d - 2 boomerangs (quivered)
Armour
 b - a +0 scale mail (worn)
 c - a +0 buckler (worn)
Scrolls
 e - a scroll of identify {unknown}
 j - a scroll of blinking
Potions
 h - 2 potions of magic


   Skills:
 + Level 7.0 Fighting
 - Level 16.4 Polearms
 - Level 2.1 Armour
 + Level 7.2 Dodging
 - Level 3.0 Shields


You had 6 spell levels left.
You didn't know any spells.
Your spell library was empty.

Dungeon Overview and Level Annotations

Branches:
Dungeon (1/1)

Altars:
Makhleb
Sif Muna
Vehumet
Wu Jian
Xom
Jiyva
Lugonu

Annotations:
D Sonja


Innate Abilities, Weirdness & Mutations

((You are quick and stealthy near water. (Stealth+, EV+, Speed+++)))
Your lower body shifts to a powerful aquatic tail in water.


Message History

Sonja shouts!
Found 108 gold pieces.
Sonja throws a curare-tipped dart.
The curare-tipped dart hits you.
You are poisoned.
You have difficulty breathing.
You feel yourself slow down.
There is an open door here.
You feel yourself speed up.
You feel very sick.
Sonja hits you with a +0 short sword of venom. x2
You are more poisoned.
Sonja hits you with a +0 short sword of venom.
Sonja barely misses you. Sonja hits you but does no damage.
Sonja hits you with a +0 short sword of venom.
You are more poisoned.
You closely miss Sonja.
You feel very sick.
Sonja hits you with a +0 short sword of venom.
You are lethally poisoned!
You block Sonja's attack.
Sonja hits you with a +0 short sword of venom.
You are more poisoned.
You miss Sonja.
You feel very sick. Sonja hits you but does no damage.
Sonja hits you with a +0 short sword of venom.
* * * LOW HITPOINT WARNING * * *
You are more poisoned.
Sonja misses you.
You hit Sonja.
Sonja is lightly wounded.
* * * LOW HITPOINT WARNING * * *
You feel extremely sick.
You miss Sonja.
Sonja is lightly wounded.
* * * LOW HITPOINT WARNING * * *
You feel very sick.
Sonja zaps a wand.
Your will is overpowered!
You are confused.
You bump into the rock wall.
You die...

#<.#..').#..'..#__#
#..').#..').#..'..+
#..#####'#####'#__#
#..# #..# #)####
#..# #### ##.# #..#
#+#_.+ #⌠⌠# +..._#
#### #_.#'# ##@#.#
#K### $.$ #$.$#
##.## #+#


You could see Sonja.

Vanquished Creatures
  A slime creature (D)
  Sigmund (D)
  An ogre (D)
  A jelly (D)
  Ijyb (D)
5 creatures vanquished.

Vanquished Creatures (others)
  A gargoyle (D)
1 creature vanquished.

Grand Total: 6 creatures vanquished

Notes
Turn   | Place    | Note
-------+----------+-------------------------------------------
     0 | D        | dolemite99 the Merfolk Fighter began the quest for the Orb.
     0 | D        | Reached XP level 1. HP: 18/18 MP: 1/1
     1 | D        | Noticed Ijyb
    22 | D        | Killed Ijyb
    23 | D        | Reached skill level 8 in Polearms
    23 | D        | Reached XP level 2. HP: 19/24 MP: 2/2
    23 | D        | Reached XP level 3. HP: 23/29 MP: 3/3
   185 | D        | Noticed an ogre
   190 | D        | Killed an ogre
   191 | D        | Reached skill level 12 in Polearms
   191 | D        | Reached XP level 4. HP: 31/35 MP: 4/4
   496 | D        | Noticed Sigmund
   502 | D        | Killed Sigmund
   503 | D        | Reached skill level 16 in Polearms
   503 | D        | Reached XP level 5. HP: 32/41 MP: 5/5
   503 | D        | Reached XP level 6. HP: 36/47 MP: 6/6
   515 | D        | Found a burning altar of Makhleb.
   515 | D        | Found a viscous altar of Jiyva.
   515 | D        | Found a shimmering altar of Xom.
   515 | D        | Found a corrupted altar of Lugonu.
   515 | D        | Noticed a slime creature
   526 | D        | Killed a slime creature
   527 | D        | Reached XP level 7. HP: 4/59 MP: 7/7
   981 | D        | Killed a gargoyle
  1014 | D        | Found an ornate altar of the Wu Jian Council.
  1014 | D        | Found a shimmering blue altar of Sif Muna.
  1032 | D        | Found a radiant altar of Vehumet.
  1044 | D        | Noticed Sonja
  1050 | D        | HP: 2/60 [poisoned by Sonja]
  1051 | D        | Succumbed to Sonja's poison

Illustrated notes

Levels and vault maps discovered:
D:        dungeon_sprint_1 [red_sonja_temple_1, red_sonja_temple_small_1]

Skill      XL: |  1  2  3  4  5  6  7 |
---------------+----------------------+-----
Polearms       | 8 12 16 | 16.4
Fighting       | 6 7 |  7.0
Dodging        | 6 7 |  7.2
Armour         | |  2.1
Shields        | |  3.0

Action                   |  1- 3 |  4- 6 |  7- 9 || total
-------------------------+-------+-------+-------++-------
Melee: Trident           |    23 |    13 |     6 ||    42
  Use: Potion            |     2 |     2 |     1 ||     5
Armor: Scale mail        |     5 |     2 |     2 ||     9
Dodge: Dodged            |    10 |     2 |     3 ||    15
Block: Buckler           |     2 |     1 |     1 ||     4

Table legend: (Time is in decaauts)
 A = Elapsed time spent in this place.
 B = Non-inter-level travel time spent in this place.
 C = Inter-level travel time spent in this place.
 D = Time resting spent in this place.
 E = Time spent auto-exploring this place.
 F = Levels seen in this place.
 G = Mean time per level.
                   A        B        C        D        E       F      G
               +--------+--------+--------+--------+--------+-----+--------+
         Total |   1058 |   1058 |      0 |    951 |      0 |   1 | 1058.0 |
       Dungeon |   1058 |   1058 |      0 |    951 |      0 |   1 | 1058.0 |
               +--------+--------+--------+--------+--------+-----+--------+

Top non-repeatable levels by time:
       D: 1058 daAuts
